 Dungeon Crawl Stone Soup version 0.30.1-3-gfc49f6343a (webtiles) character file.

Game seed: 12905507010975125931

17 Pepete the Firebug (level 2, -5/20 HPs)
             Began as a Draconian Fire Elementalist on July 26, 2023.
             Slain by Natasha (6 damage)
             ... on level 2 of the Dungeon.
             The game lasted 00:02:40 (2608 turns).

Pepete the Firebug (Draconian Fire Elementalist)    Turns: 2608, Time: 00:02:41

Health: -5/20      AC:  4    Str: 10    XL:     2   Next: 44%
Magic:  0/5        EV: 12    Int: 15    God:
Gold:   11         SH:  0    Dex: 11    Spells: 4/5 levels left

rFire   . . .        (no weapon)
rCold   . . .        (no shield)
rNeg    . . .        (body armour unavailable)
rPois   .            (helmet restricted)
rElec   .            (no cloak)
rCorr   .            (no gloves)
SInv    .            (no boots)
Will    .....        (no amulet)
Stlth   ++           (no ring)
HPRegen 0.23/turn    (no ring)
MPRegen 0.09/turn

%: no passive effects
@: no status effects
A: AC +4, unfitting armour, cold-blooded
a: no special abilities


You were on level 2 of the Dungeon.
You visited 1 branch of the dungeon, and saw 2 of its levels.

You collected 11 gold pieces.

Inventory:

Jewellery
 c - a +6 ring of dexterity
Scrolls
 b - a scroll of identify {unknown}
 j - a scroll of fear {unknown}
Potions
 a - a potion of magic
 d - a potion of might {unknown}
 e - a potion of heal wounds {unknown}
 f - a potion of attraction {unknown}
 g - a potion of brilliance {unknown}
 h - 2 potions of flight {unknown}
 i - a potion of lignification {unknown}


   Skills:
 - Level 1.7 Dodging
 - Level 1.7 Stealth
 + Level 2.3 Spellcasting
 + Level 1.6 Conjurations
 + Level 3.3 Fire Magic


You had 4 spell levels left.
You knew the following spells:

 Your Spells              Type           Power      Damage    Failure   Level
a - Foxfire               Conj/Fire      36%        2x1d5     8%          1

Your spell library contained the following spells:

 Spells                   Type           Power      Damage    Failure   Level
 Scorch                   Fire           22%        2d6       9%          2
 Cigotuvi's Dreadful Rot  Necr/Pois/Air  2%         N/A       32%         2
 Inner Flame              Hex/Fire       6%         N/A       32%         3
 Volatile Blastmotes      Fire/Tloc      12%        2d11      32%         3
 Flame Wave               Conj/Fire      9%         2d6       61%         4
 Dispel Undead            Necr           1%         3d6       91%         4
 Death Channel            Necr           0%         N/A       100%        6


Dungeon Overview and Level Annotations

Branches:
Dungeon (2/15)

Altars:

Annotations:
D:2 Natasha


Innate Abilities, Weirdness & Mutations

Your plain brown scales are hard. (AC +4)
You cannot fit into any form of body armour.
You are cold-blooded and may be slowed by cold attacks.


Message History

You resist with significant effort.
You conjure some foxfire!
You conjure some foxfire!
The foxfire hits Natasha.
Natasha is severely wounded.
You are out of magic!
Unknown command.
Your foxfire dissipates!
The foxfire hits Natasha but does no damage.
Natasha is severely wounded.
The foxfire hits Natasha.
Natasha is almost dead.
Natasha casts a spell.
Natasha casts a spell.
You hit Natasha but do no damage.
Natasha is almost dead.
The cerulean imp barely misses you.
Natasha mewls in sadness.
Natasha claws you but does no damage.
You closely miss Natasha.
Natasha is almost dead.
The cerulean imp hits you from afar with a +0 spear.
The cerulean imp barely misses you. Natasha claws you.
You closely miss Natasha.
Natasha is severely wounded.
The cerulean imp hits you from afar with a +0 spear.
The cerulean imp hits you but does no damage.
Natasha barely misses you.
You hit Natasha but do no damage. You tail-slap Natasha.
Natasha is almost dead.
The cerulean imp completely misses you.
The cerulean imp hits you with a +0 spear.
Natasha claws you.
* * * LOW HITPOINT WARNING * * *
Casting: Foxfire (safe; 8% risk of failure)
Confirm with . or Enter, or press ? or * to list all spells.
You conjure some foxfire!
The cerulean imp hits you from afar with a +0 spear.
* * * LOW HITPOINT WARNING * * *
Natasha claws you.
You die...

#. #.
#.####
###....#
......#
.†..#
#5.#
#v@#
#vh#
#5.[
...#.
.######
#. #


You could see Natasha and 2 cerulean imps.

Vanquished Creatures
  2 endoplasms (D:1)
  A giant cockroach (D:1)
  2 goblins (D:1)
  4 kobolds (D:1)
  A quokka (D:1)
  A ball python (D:1)
  2 frilled lizards
  3 rats (D:1)
16 creatures vanquished.

Vanquished Creatures (others)
  74 foxfires
74 creatures vanquished.

Grand Total: 90 creatures vanquished

Notes
Turn   | Place    | Note
-------+----------+-------------------------------------------
     0 | D:1      | Pepete the Draconian Fire Elementalist began the quest for
                  | the Orb.
     0 | D:1      | Reached XP level 1. HP: 14/14 MP: 3/3
   887 | D:1      | Reached XP level 2. HP: 16/20 MP: 1/5
  2595 | D:2      | Noticed Natasha
  2608 | D:2      | HP: 1/20 [cerulean imp/+0 spear[Natasha] (3)]
  2608 | D:2      | Slain by Natasha

Illustrated notes

Levels and vault maps discovered:
D:1:      dpeg_arrival_rooms_a, layout_loops_ring
D:2:      layout_loops_cross, ebering_ecumenical_altar_hall, uniq_terence,
          uniq_natasha

Action                     || total
---------------------------++-------
  Melee: Unarmed           ||    10
         Tailslap          ||     3
   Cast: Foxfire           ||    52
 Armour: Skin              ||     8
  Dodge: Dodged            ||    16
